[Event "*** Titled Tuesday Blitz"]
[Site "Chess.com"]
[Date "2021.02.16"]
[Round "3"]
[White "Kingsman132"]
[Black "Isajevsky_Anton"]
[Result "0-1"]
[WhiteElo "2348"]
[BlackElo "2543"]
[TimeControl "180+1"]
[EndTime "10:31:32 PST"]
[Termination "Isajevsky_Anton won by checkmate"]

1. e4 c5 2. d4 cxd4 3. c3 Nf6 4. e5 Nd5 5. cxd4 d6 6. Nf3 e6 7. Bc4 dxe5 8. dxe5 Be7 9. Bxd5 exd5 10. Nc3 Be6 11. O-O Nc6 12. Re1 O-O 13. Bf4 Rc8 14. Qd3 h6 15.
Rad1 Qa5 16. Nxd5 Qxa2 17. Nxe7+ Nxe7 18. Nd4 Rfd8 19. Qb5 Qd5 20. Qxd5 Rxd5 21. Nf3 Rc2 22. b4 Nc6 23. Rxd5 Bxd5 24. b5 Bxf3 25. gxf3 Nd4 26. Kg2 Nxb5 27. e6 fxe6 28. Rxe6 Kf7 29. Re5 a6 30.
Rd5 Ke6 31. Re5+ Kf6 32. Re8 Rc6 33. Be5+ Kf7 34. Rb8 Rg6+ 35. Kf1 b6 36. Rb7+ Kg8 37. f4 Na3 38. f5 Rg5 39. f4 Rxf5 40. Rxg7+ Kf8 41.
Rb7 Nc4 42. Bg7+ Ke8 43. Bxh6 a5 44. Bg5 a4 45. Re7+ Kf8 46. Rc7 b5 47. h4 a3 48.
Ra7 Rf7 49. Ra8+ Kg7 50. h5 b4 51. h6+ Kg6 52. Ra6+ Kf5 53. Ke2 b3 54. Kf3 b2 55. h7 Nd2+ 56. Ke3 Rxh7 57. Rxa3 Nc4+ 58. Kd3 Nxa3 59. Kc3 b1=Q 60. Bf6 Kxf6 61. Kd2 Rd7+ 62. Ke3 Qd3+ 63. Kf2 Kf5 64. Ke1 Qc2 65. Kf1 Rd1# 0-1

[Event "*** Titled Tuesday Blitz"]
[Site "Chess.com"]
[Date "2021.02.16"]
[Round "3"]
[White "MFBerna"]
[Black "IAgrest"]
[Result "1/2-1/2"]
[WhiteElo "2497"]
[BlackElo "2299"]
[TimeControl "180+1"]
[EndTime "10:31:32 PST"]
[Termination "Game drawn by repetition"]

1. e4 e5 2. Nf3 Nc6 3. Bc4 Nf6 4. d3 Bc5 5. O-O a6 6. c3 Ba7 7. Bb3 d6 8. Re1 O-O 9. Nbd2 Nh5 10. Nf1 Nf4 11.
d4 Qf6 12. Bxf4 Qxf4 13. h3 Ne7 14. Qd2 Ng6 15. Qxf4 Nxf4 16. Rad1 exd4 17. cxd4 h6 18. Rd2 Re8 19. Ng3 Bd7 20. Rc1 c6 21. Nh4 g6 22. Nf3 Kg7 23. Kh2 Re7 24. Re1 Rae8 25. e5 d5 26. Bc2 c5 27. dxc5 Bxc5 28. Bb3 Bb4 29. Red1 Bxd2 30. Rxd2 Bc6 31. Rd4 Ne6 32. Rd2 Rd8 33. Ne2 Nc5 34. Ned4 Ne4 35. Rc2 Be8 36. g3 h5 37. Kg2 a5 38. a4 b6 39. Kf1 Nc5 40. Ke2 Nxb3 41. Nxb3 Bxa4 42. Rc3 Bxb3 43. Rxb3 Rc7 44. Rxb6 Rc2+ 45. Ke3 Re8 46. Rb5 a4 47. Rb4 Rc4 48. Rb5 Rc2 49. Rb4 Rc4 50.
Rb5 Rc2 1/2-1/2

[Event "*** Titled Tuesday Blitz"]
[Site "Chess.com"]
[Date "2021.02.16"]
[Round "3"]
[White "Ranindu2003"]
[Black "rugbyclub"]
[Result "1/2-1/2"]
[WhiteElo "2568"]
[BlackElo "2296"]
[TimeControl "180+1"]
[EndTime "10:31:32 PST"]
[Termination "Game drawn - insufficient material"]

1. e4 e6 2. d4 d5 3. Nd2 c5 4.
exd5 Qxd5 5. Ngf3 Nc6 6. Bc4 Qd7 7. O-O cxd4 8. Nb3 Qc7 9. Re1 Nf6 10. Nbxd4 Nxd4 11. Qxd4 Bd6 12. Bb5+ Bd7 13. Bxd7+ Qxd7 14. Bg5 Be7 15.
Qxd7+ Nxd7 16. Bxe7 Kxe7 17. Nd4 g6 18. Rad1 a6 19.
f4 Rac8 20. f5 gxf5 21. Nxf5+ Kf6 22. Rxd7 exf5 23. c3 Rhe8 24. Rxe8 Rxe8 25. Rxb7 Re2 26. Kf1 Rc2 27. b3 Rxc3 28. Rb6+ Kg5 29. Rxa6 Rc2 30. b4 Rb2 31. a3 h5 32. Ra7 f6 33.
Rb7 Ra2 34. Ra7 Rb2 35. Ra6 h4 36. Ra7 Rb3 37. Ra5 Kf4 38. Ra8 Rb1+ 39. Ke2 Rb2+ 40. Kd3 Rxg2 41. b5 Rxh2 42. b6 Rb2 43. Ra4+ Kg3 44.
Rb4 Rxb4 45. axb4 h3 46. b7 h2 47. b8=Q+ Kg2 48. Qxh2+ Kxh2 49. Ke3 Kg3 50. b5 f4+ 51. Ke4 f3 52. b6 f2 53. b7 f1=Q 54. b8=Q+ Kg4 55.
Qg8+ Kh5 56. Qh7+ Kg5 57. Qg7+ Kh4 58. Qh6+ Kg3 59. Qg6+ Kh2 60. Qh5+ Qh3 61. Qe2+ Qg2+ 62. Qxg2+ Kxg2 63. Kf5 Kf3 64. Kxf6 1/2-1/2

[Event "*** Titled Tuesday Blitz"]
[Site "Chess.com"]
[Date "2021.02.16"]
[Round "3"]
[White "semchik73"]
[Black "Euge_chess"]
[Result "1-0"]
[WhiteElo "2339"]
[BlackElo "2101"]
[TimeControl "180+1"]
[EndTime "10:31:32 PST"]
[Termination "semchik73 won on time"]

1. Nf3 Nf6 2. c4 e6 3. Nc3 c5 4. d4 Nc6 5. d5 exd5 6. cxd5 Nb4 7. e4 d6 8. a3 Na6 9. Bd3 g6 10. O-O Bg7 11. Bf4 Nc7 12. h3 O-O 13. Nd2 a6 14.
Nc4 Nfe8 15. a4 f5 16. Nb6 fxe4 17. Nxa8 exd3 18. Nxc7 Qxc7 19. Bg3 c4 20. Re1 Bf5 21. Qd2 Nf6 22. f3 Qc5+ 23. Bf2 Qa5 24. Ne4 Qxd2 25.
Nxd2 Nxd5 26. Nxc4 Nb4 27. Nxd6 Nc2 28. Nxf5 gxf5 29.
Rad1 Nxe1 30. Bxe1 Rd8 31. Bc3 Bh6 32. Kf2 Kf7 33.
g3 Bf8 34. b4 Ke6 35. Ke3 f4+ 36. gxf4 Bh6 37. Rxd3 Rxd3+ 38. Kxd3 Bxf4 39. Ke4 Bd6 40. f4 Be7 41. f5+ Kd7 42. f6 Bf8 43. Kf5 b5 44.
axb5 axb5 45. Ke5 Bd6+ 46. Kd5 Bf8 47. f7 Ke7 48. Kc5 Kxf7+ 49. Kxb5 Bd6 50. Kc6 Bf4 51. b5 Ke6 52. b6 Kf5 53. Bb4 Ke6 54. b7 Bb8 55. Bc5 h6 56. Bb6 h5 57. Bc7 Ba7 58.
Kb5 Kd7 59. Bf4 Ke6 60. Ka6 1-0

[Event "*** Titled Tuesday Blitz"]
[Site "Chess.com"]
[Date "2021.02.16"]
[Round "3"]
[White "Unknown_IM"]
[Black "maximnovik"]
[Result "1-0"]
[WhiteElo "2383"]
[BlackElo "2536"]
[TimeControl "180+1"]
[EndTime "10:31:33 PST"]
[Termination "Unknown_IM won on time"]

1. e4 c6 2. d4 d5 3. exd5 cxd5 4. Bd3 Nc6 5. c3 Nf6 6. h3 Qc7 7. Nf3 g6 8. Qc2 Bg7 9. O-O O-O 10. Re1 Bd7 11. a3 Rac8 12. Bg5 Rfe8 13. Bh4 Nh5 14. Nbd2 Nxd4 15. Nxd4 Bxd4 16. Bxe7 Bxh3 17. Nf3 Rxe7 18.
Nxd4 Rxe1+ 19. Rxe1 Bd7 20. Re7 Qd6 21. Re3 Qf6 22. g3 Ng7 23. Qe2 Ne6 24. Re5 Nxd4 25. cxd4 Be6 26. Qe3 Kg7 27. Be2 h5 28. Bf3 h4 29. Bxd5 Bxd5 30. Rxd5 hxg3 31. Qxg3 Rc1+ 32. Kg2 Rc2 33. Rb5 Qc6+ 34. d5 Qxb5 35. Qe5+ Kg8 36.
Qb8+ Kg7 37. Qe5+ f6 38. Qe7+ Kh6 39. Qe3+ g5 40. Qh3+ Kg6 41. Qe6 Qd3 42. Qg8+ Kf5 43. Qh7+ Kg4 44. Qxd3 Rc7 45. Qg3+ Kh5 46. Qxc7 1-0

[Event "*** Titled Tuesday Blitz"]
[Site "Chess.com"]
[Date "2021.02.16"]
[Round "3"]
[White "KingCyber19"]
[Black "ellennilssen"]
[Result "1-0"]
[WhiteElo "2528"]
[BlackElo "2216"]
[TimeControl "180+1"]
[EndTime "10:31:33 PST"]
[Termination "KingCyber19 won on time"]

1. d4 Nf6 2. c4 g6 3. g3 Bg7 4.
Bg2 d5 5. cxd5 Nxd5 6. Nf3 Nb6 7.
O-O O-O 8. Nc3 Nc6 9. e3 Re8 10. Qe2 e5 11. dxe5 Nxe5 12. Rd1 Qe7 13. Nxe5 Qxe5 14. Bd2 c6 15. Be1 Be6 16. b3 Rad8 17.
Rxd8 Rxd8 18. Rd1 Qc7 19. Ne4 Nd5 20. Nc5 Bc8 21. Qc2 Bg4 22. Rd3 Bf8 23. h3 Bc8 24.
Ne4 Qe7 25. Qd1 Bf5 26. Qf3 Re8 27. Rxd5 cxd5 28. Nc3 Be4 29. Qd1 Bxg2 30. Kxg2 Rd8 31. Qd3 Bg7 32. Nxd5 Qd6 33. e4 h5 34. Bb4 Qd7 35. Be7 h4 36. Bxh4 f6 37. Bxf6 Kf7 38.
Bxg7 Kxg7 39. Qc3+ Kh6 40. Qe3+ Kg7 41. Qd4+ Kh6 42.
Qe5 Qd6 43. Qd4 Qd7 44. Qe3+ Kg7 45. Qg5 Qf7 46. Qxd8 b6 47. Qe7 1-0

[Event "*** Titled Tuesday Blitz"]
[Site "Chess.com"]
[Date "2021.02.16"]
[Round "3"]
[White "JosefineHeinemann"]
[Black "c_r_e_e_p_e_r"]
[Result "1-0"]
[WhiteElo "2604"]
[BlackElo "2394"]
[TimeControl "180+1"]
[EndTime "10:31:34 PST"]
[Termination "JosefineHeinemann won by checkmate"]

1. e4 c5 2. Nf3 e6 3. d4 cxd4 4. Nxd4 a6 5. c4 Qc7 6. Nc3 Nf6 7. Be2 b6 8. a3 Bb7 9. f3 d6 10. Be3 Be7 11. O-O O-O 12. Qd2 Nbd7 13. b4 Rac8 14. Rfc1 Qb8 15. Bf1 Bd8 16. Nb3 Bc7 17. g3 h5 18. a4 h4 19. g4 Ne5 20. Be2 Rfe8 21.
g5 Nfd7 22. f4 Ng6 23. Rf1 d5 24. cxd5 exd5 25. b5 Nc5 26. Nxc5 bxc5 27. bxa6 Ba8 28. Rab1 Qa7 29. f5 Ne5 30. Nxd5 Bd6 31. g6 Rcd8 32.
gxf7+ Qxf7 33. Bg5 Rb8 34. Rxb8 Bxb8 35. Bxh4 c4 36. Bf2 Nd3 37. Bxd3 Bxd5 38. Bc2 Bxe4 39.
Bxe4 Rxe4 40. Qd8+ Re8 41. Qd4 Qxf5 42. Qxc4+ Kh8 43. a7 Be5 44. Qc6 Qg4+ 45. Qg2 Qc8 46. Re1 Qa8 47. Qxa8 Rxa8 48. Rxe5 Kh7 49. Rb5 Kg6 50.
Rb8 Rxa7 51. Bxa7 Kh6 52. Bf2 g6 53. a5 Kh5 54. a6 g5 55. a7 Kg4 56. a8=Q Kf4 57. Rf8+ Kg4 58. Qg2+ Kh5 59. Rg8 Kh6 60. Qh3# 1-0

[Event "*** Titled Tuesday Blitz"]
[Site "Chess.com"]
[Date "2021.02.16"]
[Round "3"]
[White "manipun1"]
[Black "Artyom_ChessMate"]
[Result "1/2-1/2"]
[WhiteElo "2376"]
[BlackElo "2550"]
[TimeControl "180+1"]
[EndTime "10:31:34 PST"]
[Termination "Game drawn - insufficient material"]

1. e4 c5 2. Nf3 d6 3. Bb5+ Bd7 4. Bxd7+ Qxd7 5. c4 Nc6 6. Nc3 g6 7. d4 cxd4 8. Nxd4 Bg7 9. Be3 Nf6 10. f3 O-O 11.
Rc1 Rac8 12. b3 Rfd8 13. O-O e6 14. Qd2 d5 15. cxd5 exd5 16. Nxc6 bxc6 17. exd5 Nxd5 18. Nxd5 cxd5 19. Bd4 Rxc1 20. Rxc1 Bxd4+ 21. Qxd4 Qf5 22. Rd1 a5 23. h3 h5 24. Rd2 Rd7 25. Kh2 Kh7 26.
a4 Qb1 27. Qd3 Qxd3 28. Rxd3 h4 29. Rd4 g5 30. g3 hxg3+ 31. Kxg3 Kg6 32. f4 Kf5 33. b4 axb4 34. Rxb4 d4 35. fxg5 d3 36. Rb1 Ke4 37. h4 Ke3 38. h5 d2 39. Kg4 d1=Q+ 40. Rxd1 Rxd1 41. Kf5 Ra1 42. h6 Rxa4 43. Kf6 Kf4 44.
h7 Ra8 45. g6 fxg6 46. Kxg6 Kg4 47. Kg7 Ra7+ 48. Kg6 Ra8 49. Kg7 Kg5 50. h8=Q Rxh8 51. Kxh8 1/2-1/2

[Event "*** Titled Tuesday Blitz"]
[Site "Chess.com"]
[Date "2021.02.16"]
[Round "3"]
[White "Aygehovit1992"]
[Black "FredyMatsuura"]
[Result "1-0"]
[WhiteElo "2594"]
[BlackElo "2284"]
[TimeControl "180+1"]
[EndTime "10:31:34 PST"]
[Termination "Aygehovit1992 won by resignation"]

1. Nf3 Nf6 2. b3 g6 3. Bb2 Bg7 4. g3 O-O 5. Bg2 d5 6. O-O c6 7. e3 a5 8. a4 Na6 9. Qe2 Nc5 10.
Na3 b6 11. d3 Bb7 12. Rfd1 Qc7 13. Be5 Qc8 14. Nd4 Nfd7 15. Bxg7 Kxg7 16. f4 e5 17. fxe5 Nxe5 18. e4 dxe4 19. Bxe4 Nxe4 20. Qxe4 Qc7 21. Qf4 Rae8 22. Rf1 f6 23. Nc4 c5 24. Nb5 Qc6 25. Qe4 Qxe4 26. dxe4 Nxc4 27. bxc4 Bxe4 28. Rf2 Re6 29. Rb1 Rf7 30. Re2 f5 31. Kf2 Rd7 32.
h4 Rd4 33. Nxd4 cxd4 34. Rb5 Rc6 35. c5 bxc5 36. Rxa5 c4 37. Ra7+ Kf6 38. a5 d3 39.
cxd3 cxd3 40. Rd2 h6 41. a6 g5 42. Ke3 Ke5 43. Re7+ Kf6 44. Ra7 Ke5 45. Rb2 f4+ 46. gxf4+ gxf4+ 47. Kd2 f3 48. Rb5+ Kd4 49. Rd7+ Kc4 50.
Re5 Bg6 51. a7 Ra6 52. Re6 Ra2+ 53. Ke3 Bf5 54. Rc7+ Kd5 55. Rf6 Ke5 56. Rf8 f2 57.
Rc5+ Ke6 58. Rcxf5 d2 59. Ke2 1-0

[Event "*** Titled Tuesday Blitz"]
[Site "Chess.com"]
[Date "2021.02.16"]
[Round "3"]
[White "Onischuk_V"]
[Black "mbojan"]
[Result "0-1"]
[WhiteElo "2852"]
[BlackElo "2636"]
[TimeControl "180+1"]
[EndTime "10:31:35 PST"]
[Termination "mbojan won on time"]

1. Nf3 g6 2. g3 Bg7 3. Bg2 e5 4. O-O Ne7 5. d3 d6 6. c4 O-O 7. Nc3 h6 8. d4 Nd7 9. e4 exd4 10. Nxd4 Nc6 11. Nc2 Nde5 12. Ne3 Nd4 13. f4 Nd7 14. b3 c5 15. Bb2 Nf6 16. Qd2 Re8 17. Rae1 Bd7 18. Ned5 Nxd5 19. Nxd5 Bc6 20. Nc3 a6 21.
Ne2 Nxe2+ 22. Qxe2 Bxb2 23. Qxb2 Re6 24. Qd2 Kg7 25. Re3 Qf6 26. f5 Re5 27. fxg6 Qxg6 28. Ref3 Rae8 29. Rxf7+ Qxf7 30. Rxf7+ Kxf7 31. Qxh6 Bxe4 32. Bxe4 Rxe4 33. Kg2 Re2+ 34. Kh3 Rxa2 35. Qxd6 Ree2 36.
Qxc5 Rxh2+ 37. Kg4 Rhf2 38. Qd5+ Kg6 39. Qxb7 a5 40.
Qe4+ Kf6 41. c5 Rfc2 42. Qd4+ Kg6 43. Qd6+ Kf7 44. Kf5 Rf2+ 45. Kg5 Rac2 46. g4 Rf1 0-1

[Event "*** Titled Tuesday Blitz"]
[Site "Chess.com"]
[Date "2021.02.16"]
[Round "3"]
[White "hansen"]
[Black "Goryachkina"]
[Result "1-0"]
[WhiteElo "2929"]
[BlackElo "2659"]
[TimeControl "180+1"]
[EndTime "10:31:36 PST"]
[Termination "hansen won by checkmate"]

1. e4 c5 2. Nf3 Nc6 3. Bb5 g6 4. O-O Bg7 5. Bxc6 dxc6 6. h3 Nf6 7. d3 Nd7 8. Nc3 e5 9. a3 Qe7 10. Bd2 O-O 11. Qc1 f5 12. exf5 gxf5 13. Bh6 Qf6 14. Bxg7 Kxg7 15. Re1 b6 16. Qe3 Re8 17. b4 c4 18. dxc4 e4 19. Rad1 Nf8 20. Qd4 Be6 21. Qxf6+ Kxf6 22. Nd4 c5 23. bxc5 bxc5 24. Ndb5 Red8 25.
Nd5+ Kf7 26. f3 exf3 27. gxf3 a6 28. Nbc7 Ra7 29. Kf2 Bxd5 30. Nxd5 Ne6 31. Re5 Nd4 32.
c3 Ne6 33. Rxf5+ Kg8 34. Re1 Ng7 35. Rf6 Rf7 36. Rxf7 Kxf7 37. Re7+ Kf8 38. Ra7 Rb8 39. f4 Rb2+ 40. Kf3 Ne6 41. h4 Rb3 42. f5 Nd4+ 43. Ke4 Nc2 44. Rxa6 Rxa3 45. Rc6 Ra4 46. Rxc5 Na3 47.
Kd3 Nb1 48. Rc7 Ra2 49. Kd4 Rd2+ 50. Ke5 Na3 51. Kf6 Ke8 52. Rc8+ Kd7 53. Nb6+ Kd6 54. c5# 1-0

[Event "*** Titled Tuesday Blitz"]
[Site "Chess.com"]
[Date "2021.02.16"]
[Round "3"]
[White "hypert"]
[Black "QuintilianoR"]
[Result "1/2-1/2"]
[WhiteElo "2512"]
[BlackElo "2713"]
[TimeControl "180+1"]
[EndTime "10:31:36 PST"]
[Termination "Game drawn - insufficient material"]

1. e4 c5 2. Nc3 Nc6 3. Nf3 e5 4. Bc4 Be7 5. d3 Nf6 6. Nd2 d6 7. Nf1 Bg4 8. Qd2 Nd7 9. Ne3 Be6 10. Ned5 O-O 11. h4 Nb6 12. h5 h6 13. Qe2 Bg5 14. Bxg5 Qxg5 15. Qd2 Nd4 16. O-O-O Qxd2+ 17. Rxd2 Rad8 18. Nd1 Bxd5 19. Bxd5 Nxd5 20. exd5 f5 21. c3 Nb5 22. g3 Nc7 23. c4 Rde8 24. Kc2 Re7 25.
Re2 f4 26. g4 f3 27. Re4 Ne8 28. Rg1 Nf6 29. Re3 e4 30. Nc3 exd3+ 31. Kxd3 Rfe8 32. Rxf3 Nd7 33. Kd2 Ne5 34. Rf4 Rf7 35. Rxf7 Kxf7 36. Rg3 Nxc4+ 37. Kc2 Nb6 38. f4 Re1 39. g5 hxg5 40.
fxg5 Re5 41. h6 Kg6 42. Rh3 gxh6 43. Rxh6+ Kxg5 44. Rxd6 Nc4 45. Rd7 b6 46. Rxa7 Ne3+ 47. Kd3 Nxd5 48. Nxd5 Rxd5+ 49. Kc4 Rd4+ 50. Kb5 Rb4+ 51.
Kc6 Rxb2 52. Kd5 Rb4 53. a4 Kf4 54. a5 Rd4+ 55. Kc6 bxa5 56. Kxc5 Re4 57. Rxa5 Re5+ 58. Kb6 Rxa5 59. Kxa5 1/2-1/2

[Event "*** Titled Tuesday Blitz"]
[Site "Chess.com"]
[Date "2021.02.16"]
[Round "3"]
[White "tteshan"]
[Black "RamyresCoelho"]
[Result "1-0"]
[WhiteElo "2331"]
[BlackElo "2070"]
[TimeControl "180+1"]
[EndTime "10:31:36 PST"]
[Termination "tteshan won by checkmate"]

1. e4 c5 2. c3 d5 3. exd5 Qxd5 4. Nf3 Nc6 5. d4 cxd4 6. cxd4 Nf6 7. Nc3 Qd8 8. Bd3 e6 9. O-O Bd6 10. Bg5 h6 11.
Bh4 g5 12. Bg3 Bxg3 13. hxg3 Kf8 14. Bc2 g4 15. d5 Nxd5 16. Nd2 Nxc3 17. bxc3 Bd7 18.
Qxg4 Qg5 19. Qe2 f5 20. Nf3 Qf6 21. Rad1 Rd8 22. Rd6 Bc8 23. Rxd8+ Nxd8 24. Rd1 Kg7 25. Ne5 Nf7 26. f4 Nxe5 27. Qxe5 Qxe5 28. fxe5 Rf8 29. Rd4 b6 30. Kf2 Rf7 31. Bb3 Re7 32. Ke3 Bb7 33. Rd2 Be4 34. Kf4 Kf7 35. g4 Kg6 36. gxf5+ exf5 37. g4 fxg4 38. Kxe4 h5 39. Kf4 Re8 40. Rd6+ Kg7 41. e6 Rf8+ 42. Kg5 g3 43. e7 Re8 44.
Rg6+ Kh7 45. Kf6 h4 46. Rg8 Rxe7 47. Kxe7 Kh6 48. Kf6 Kh5 49. Bd1+ Kh6 50. Rh8# 1-0

[Event "*** Titled Tuesday Blitz"]
[Site "Chess.com"]
[Date "2021.02.16"]
[Round "3"]
[White "ljuks68"]
[Black "Berardino"]
[Result "0-1"]
[WhiteElo "2388"]
[BlackElo "2596"]
[TimeControl "180+1"]
[EndTime "10:31:38 PST"]
[Termination "Berardino won on time"]

1. e4 c5 2. Nf3 b6 3. d4 cxd4 4.
Nxd4 Bb7 5. Nc3 Nf6 6. f3 e6 7. g4 d5 8. e5 Nfd7 9. Bf4 Nc6 10.
Nxc6 Bxc6 11. Qd2 d4 12. Ne4 Bxe4 13. fxe4 Bc5 14. O-O-O a5 15. h4 O-O 16. g5 Qc7 17. h5 Nxe5 18. Qh2 Bd6 19. Kb1 Rad8 20. h6 g6 21. Rxd4 Nf3 22. Bxd6 Nxh2 23. Bxc7 Rxd4 24.
Bd3 Nf3 25. Bxb6 Rd7 26. Bxa5 Nxg5 27. Bc3 f6 28. a4 Nf3 29. a5 Nd4 30. a6 e5 31. Bxd4 Rxd4 32. b3 Ra8 33. Kb2 Kf8 34.
Kc3 Ke7 35. b4 Kd6 36. b5 Kc7 37. Rf1 Rd6 38. Kb4 Kb6 39. Bc4 Rc8 40. Bd5 Rxc2 41.
Bc6 Rcxc6 42. bxc6 Rxc6 43. Ra1 Ka7 44. Kb5 Rb6+ 45.
Ka5 Rxa6+ 0-1

[Event "*** Titled Tuesday Blitz"]
[Site "Chess.com"]
[Date "2021.02.16"]
[Round "3"]
[White "tigra"]
[Black "Korchmar_Vasiliy"]
[Result "1-0"]
[WhiteElo "2862"]
[BlackElo "2618"]
[TimeControl "180+1"]
[EndTime "10:31:39 PST"]
[Termination "tigra won on time"]

1. e4 c5 2. Nf3 d6 3. d4 cxd4 4. Nxd4 Nf6 5. Nc3 Nc6 6. Bg5 e6 7. Qd2 a6 8. f4 h6 9. Bxf6 Qxf6 10. Nf3 g5 11. g3 gxf4 12. gxf4 Ne5 13. Nd4 Ng6 14. f5 Qh4+ 15. Qf2 Qxf2+ 16. Kxf2 Ne5 17. Bh3 Ke7 18. Nce2 Bg7 19. Rhg1 Bf6 20. Rad1 Bd7 21. fxe6 fxe6 22. Nf4 Nc4 23. Ng6+ Kf7 24. Nxh8+ Rxh8 25. b3 Ne5 26. Ke2 b5 27. Nf3 Ke7 28. Nxe5 Bxe5 29. Rh1 Rc8 30. Kd2 Bf4+ 31. Kd3 b4 32. c4 bxc3 33. Kc2 Bc6 34. Rd4 Be5 35. Rc4 Kd7 36.
Rf1 Rg8 37. Rf7+ Ke8 38. Rf2 Kd7 39. Bxe6+ Kxe6 40. Rxc6 Rg1 41. Rxa6 Re1 42. Rc6 Rxe4 43. Rxc3 Bxc3 44. Kxc3 d5 45. a4 Re3+ 46. Kb4 d4 47.
Kc4 Ke5 48. Rc2 d3 49. Rd2 Ke4 50. a5 Re2 51. Rxd3 1-0

[Event "*** Titled Tuesday Blitz"]
[Site "Chess.com"]
[Date "2021.02.16"]
[Round "3"]
[White "Problematique_99"]
[Black "Rsnr"]
[Result "0-1"]
[WhiteElo "2441"]
[BlackElo "2779"]
[TimeControl "180+1"]
[EndTime "10:31:39 PST"]
[Termination "Rsnr won by resignation"]

1. e4 c6 2. Nf3 d5 3. d3 g6 4.
Be2 Bg7 5. O-O e5 6. Nbd2 Ne7 7. b3 O-O 8. Bb2 d4 9. c3 c5 10. Nc4 Nbc6 11. cxd4 cxd4 12. a4 f6 13. Ba3 Be6 14. Rc1 Qd7 15. b4 Rfc8 16. Nfd2 Nd8 17. b5 Nf7 18. Qb3 Rc7 19. Rc2 Rac8 20. Rfc1 Bh6 21. Qb4 Bxd2 22. Qxd2 f5 23. exf5 gxf5 24. Qb4 Nd5 25.
Qd2 Nc3 26. Bh5 Bxc4 27. dxc4 Rxc4 28. Bb2 Ne4 29. Rxc4 Rxc4 30. Qe1 Rxc1 31. Bxc1 d3 32. Bd2 Qd4 33. Bf3 Nxd2 34. Qxd2 e4 35. Bd1 Kg7 36.
g4 Qe5 37. gxf5 Qxf5 38. Qc3+ Qe5 39. Qd2 Qg5+ 40. Qxg5+ Nxg5 41. Kg2 Kf6 42. Kg3 Ke5 43. h4 Ne6 44. Kg4 Kd4 45. Kf5 Nc5 46. Kf6 d2 47.
Kg7 Nd3 48. Kxh7 Nxf2 49. Be2 d1=Q 50. Bxd1 Nxd1 51. h5 e3 52. h6 e2 0-1

[Event "*** Titled Tuesday Blitz"]
[Site "Chess.com"]
[Date "2021.02.16"]
[Round "3"]
[White "annacramling"]
[Black "northridgehawk"]
[Result "1/2-1/2"]
[WhiteElo "2122"]
[BlackElo "2337"]
[TimeControl "180+1"]
[EndTime "10:31:39 PST"]
[Termination "Game drawn by repetition"]

1. d4 f5 2. e4 fxe4 3. Nc3 Nf6 4. Bg5 e6 5. Nxe4 Be7 6. Bxf6 Bxf6 7. Qh5+ g6 8. Qh6 Nc6 9. c3 b6 10. Bd3 Bb7 11. h4 Qe7 12. h5 O-O-O 13. O-O-O Rdf8 14. Nf3 Bg7 15. Qe3 a5 16. hxg6 hxg6 17. Neg5 Rxh1 18.
Rxh1 Bf6 19. Rh7 Qd8 20. Bxg6 Ne7 21. Bd3 Nd5 22. Qd2 a4 23. Ne4 Be7 24. a3 Nf6 25. Nxf6 Bxf6 26. Kb1 Bd5 27. Ne5 Bxe5 28. dxe5 Kb7 29. f3 Rh8 30. Rxh8 Qxh8 31. Be4 Qxe5 32. Bxd5+ exd5 33. Qd4 Qe1+ 34. Kc2 Qe2+ 35. Qd2 Qc4 36. Qd3 Qb3+ 37. Kb1 c5 38. f4 d4 39. Qe4+ d5 40.
Qe7+ Ka6 41. Qe1 d3 42. Qd2 c4 43. f5 Qb5 44. f6 Qe8 45. g4 Qg6 46. g5 Qf5 47.
Ka2 b5 48. Qg2 b4 49. axb4 Kb5 50. g6 a3 51. g7 d2 52. g8=Q Qb1+ 53. Kxb1 d1=Q+ 54. Ka2 Qb3+ 55. Kb1 Qd1+ 56. Ka2 Qb3+ 57. Kb1 Qd1+ 1/2-1/2

[Event "*** Titled Tuesday Blitz"]
[Site "Chess.com"]
[Date "2021.02.16"]
[Round "3"]
[White "Dedic8"]
[Black "FMKonstantin_Twitch"]
[Result "1-0"]
[WhiteElo "2829"]
[BlackElo "2604"]
[TimeControl "180+1"]
[EndTime "10:31:40 PST"]
[Termination "Dedic8 won by resignation"]

1. e4 c6 2. d4 d5 3. Nc3 dxe4 4. Nxe4 Nf6 5. Nxf6+ exf6 6. c3 Bd6 7. Bd3 O-O 8.
Qc2 Re8+ 9. Ne2 h5 10. Be3 Na6 11. O-O-O Nc7 12. h3 Be6 13. g4 h4 14. c4 b5 15.
d5 cxd5 16. c5 Bf8 17. Nd4 Rc8 18. Kb1 Na6 19. Bxb5 Nxc5 20. Bxe8 Qxe8 21. Rc1 Bd7 22. Ka1 a5 23. Qd2 a4 24. Rc2 Ra8 25. Kb1 a3 26. b3 Ne4 27. Qd3 Nc5 28. Qe2 Rb8 29. Rhc1 Ne4 30. f3 Ng3 31. Qd3 Bd6 32. Bd2 Be5 33. Re1 Ba4 34. f4 Ne4 35. fxe5 fxe5 36. Nf5 Bd7 37. Qxd5 Bxf5 38. gxf5 Nf6 39. Qxe5 Qd7 40. Bc3 Re8 41. Qf4 Rxe1+ 42. Bxe1 Nd5 43.
Qd4 Qxf5 44. Bd2 f6 45. Qc4 Qf3 46. Rc1 Kh7 47. Qc2+ f5 48. Bc3 Ne3 49. Qd3 Kg6 50. Bd4 Qf2 51. Qxe3 1-0

[Event "*** Titled Tuesday Blitz"]
[Site "Chess.com"]
[Date "2021.02.16"]
[Round "3"]
[White "jaramsdal"]
[Black "niki_2003"]
[Result "1-0"]
[WhiteElo "2308"]
[BlackElo "2009"]
[TimeControl "180+1"]
[EndTime "10:31:40 PST"]
[Termination "jaramsdal won by checkmate"]

1. e4 c5 2. Nf3 d6 3. d4 cxd4 4.
Nxd4 Nf6 5. Nc3 g6 6. Be3 Bg7 7. f3 O-O 8. Bc4 Nc6 9. Qd2 Bd7 10. O-O-O Rc8 11. Bb3 Ne5 12. Bg5 Nc4 13. Qe2 Na5 14.
h4 Nxb3+ 15. axb3 Qb6 16. h5 Nxh5 17. Nd5 Qc5 18. Nxe7+ Kh8 19. Rxh5 Bxd4 20. Bf6+ Bxf6 21. Rxc5 Rxc5 22. Nd5 Bg7 23. g4 Rfc8 24. c3 Be6 25. Kb1 Bxd5 26. exd5 b5 27. b4 Rc4 28. Rh1 h6 29. Qe3 Kh7 30. Qxa7 Rf4 31. Rf1 Re8 32.
Qd7 Re3 33. Qxb5 Rexf3 34. Rxf3 Rxf3 35. Qd7 Rf1+ 36. Ka2 Rf2 37. Kb3 Rf6 38. b5 Rf4 39. b6 Rxg4 40. Qxg4 f5 41. Qg2 f4 42. b7 f3 43. Qxf3 h5 44. b8=N h4 45. Qg4 Bf6 46. Kc2 g5 47. Nc6 Kh6 48. b4 h3 49. Qxh3+ Kg6 50. Qg4 Kf7 51. b5 Kg7 52. b6 Kg6 53. b7 Kf7 54. b8=N Kg6 55. Nb4 Bxc3 56. Kxc3 Kh6 57. Nd3 Kg6 58. Na6 Kh6 59. Nc7 Kg6 60. Nb5 Kh6 61. Nxd6 Kg7 62. Ne4 Kh7 63. d6 Kg6 64. d7 Kh6 65. d8=N Kh7 66. Ne5 Kh8 67. Ne6 Kg8 68. Nf6+ Kh8 69. Nf7# 1-0

[Event "*** Titled Tuesday Blitz"]
[Site "Chess.com"]
[Date "2021.02.16"]
[Round "3"]
[White "HackingKid98"]
[Black "Anton_Demchenko"]
[Result "0-1"]
[WhiteElo "2463"]
[BlackElo "2899"]
[TimeControl "180+1"]
[EndTime "10:31:41 PST"]
[Termination "Anton_Demchenko won by checkmate"]

1. d4 Nf6 2. c4 g6 3. g3 Bg7 4. Bg2 O-O 5. Nf3 d6 6. O-O Nbd7 7. Nc3 e5 8. e4 exd4 9. Nxd4 Nc5 10. f3 Re8 11.
Be3 Nfd7 12. Qd2 a5 13. Rac1 Ne5 14. Nd5 c6 15. Nf4 a4 16. Rfd1 Qb6 17. b4 axb3 18. Nxb3 Nxb3 19. axb3 Qxb3 20. Bf2 Nxf3+ 21. Bxf3 Qxf3 22.
Qxd6 Ra2 23. Rd2 Be5 24. Qd3 Qxd3 25. Rxd3 g5 26. Ng2 Be6 27. Ne3 Rea8 28. Nf5 Re2 29. Rcd1 h5 30. Rd8+ Rxd8 31. Rxd8+ Kh7 32. Nd6 Bxd6 33.
Rxd6 Bxc4 34. Rd7 b5 35. Rc7 Rxe4 36. h4 gxh4 37. gxh4 Rg4+ 38. Kh2 Bd5 39. Bg3 b4 40. Bd6 Rxh4+ 41. Kg3 Rg4+ 42. Kf2 b3 43. Rb7 Kg6 44. Rb6 Kf5 45. Ke3 h4 46. Rb8 Re4+ 47.
Kd2 Re6 48. Kc3 Rxd6 49. Kd4 Rh6 50. Kc5 h3 51. Rb4 h2 52. Rd4 h1=Q 53. Rd2 Qg1+ 54. Kb4 Qb6+ 55. Kc3 Qa5+ 56. Kb2 Qxd2+ 57. Ka3 Qa5+ 58.
Kb2 Rh2+ 59. Kc1 Qe1# 0-1

[Event "*** Titled Tuesday Blitz"]
[Site "Chess.com"]
[Date "2021.02.16"]
[Round "3"]
[White "sergiochess83"]
[Black "Sergienko_Sergey"]
[Result "1-0"]
[WhiteElo "2837"]
[BlackElo "2446"]
[TimeControl "180+1"]
[EndTime "10:31:42 PST"]
[Termination "sergiochess83 won by resignation"]

1. e4 c5 2. Nf3 a6 3. c3 e6 4.
d4 d5 5. exd5 exd5 6. Be2 Nf6 7.
O-O c4 8. Ne5 Be7 9. Bf4 O-O 10.
Nd2 Nc6 11. Re1 Bf5 12. Nf1 Nxe5 13. dxe5 Ne4 14. Ne3 Be6 15. Bf3 Bc5 16. Qc2 f5 17. exf6 Qxf6 18. Bxe4 dxe4 19. Qxe4 Qxf4 20. Qxe6+ Kh8 21.
Rf1 Rae8 22. Qd5 Bxe3 23. fxe3 Qxe3+ 24. Kh1 Qe2 25. Rxf8+ Rxf8 26. Rg1 Qxb2 27. Qxc4 h6 28. h3 Qb6 29. Rd1 Qe3 30. Qb4 Qf2 31. a4 Re8 32.
Qxb7 Re1+ 33. Rxe1 Qxe1+ 34. Kh2 Qe5+ 35. Kh1 Qe1+ 36. Kh2 Qe5+ 37. g3 Qxc3 38. Qxa6 Qc2+ 39. Kg1 Qd1+ 40. Kf2 Qd2+ 41. Kf3 Qd1+ 42. Kf4 Qd2+ 43. Kf5 Qc2+ 44. Ke5 Qc3+ 45. Kd5 Qxg3 46. Qc8+ Kh7 47. Qf5+ Kh8 48. a5 Qb3+ 49. Kc6 Qc3+ 50. Qc5 Qf3+ 51. Qd5 Qd3 1-0